 Dungeon Crawl Stone Soup version 0.20-a0-351-gc9b4002 (webtiles) character file.

53 terra53 the Caller (level 3, -1/22 HPs)
             Began as an Octopode Summoner on Dec 25, 2016.
             Slain by Grinder (2 damage)
             ... on level 2 of the Dungeon.
             The game lasted 00:06:44 (2273 turns).

terra53 the Caller (Octopode Summoner)              Turns: 2273, Time: 00:06:44

Health: -1/22      AC:  1    Str:  7    XL:     3   Next: 89%
Magic:  3/6        EV: 14    Int: 18    God:
Gold:   117        SH:  0    Dex: 15    Spells: 6/7 levels left

rFire  . . .     SeeInvis .     (no weapon)
rCold  . . .     Gourm    .     (no shield)
rNeg   . . .     Faith    .     (helmet restricted)
rPois  .         Spirit   .     (no amulet)
rElec  .         Reflect  .     n - +3 ring of dexterity
rCorr  .         Harm     .     (no ring)
MR     .....                    (no ring)
Stlth  +++.......               (no ring)
                                (no ring)
                                (no ring)
                                (no ring)
                                (no ring)

@: no status effects
A: almost no armour, stealthy swim, amphibious, 8 rings, constrict 8, camouflage
1, gelatinous body 1
a: no special abilities


You were on level 2 of the Dungeon.
You were not hungry.

You visited 1 branch of the dungeon, and saw 3 of its levels.

You collected 117 gold pieces.

Inventory:

Jewellery
 n - a +3 ring of dexterity (left tentacle)
Wands
 m - a wand of confusion (18/48)
 o - a wand of random effects (13/48)
Scrolls
 c - 2 scrolls of fog {unknown}
 d - a scroll of teleportation {unknown}
 f - 2 scrolls of identify {unknown}
 k - a scroll of amnesia {unknown}
Potions
 e - 2 potions of lignification
 h - a potion of curing {unknown}
 i - a potion of mutation {unknown}
 j - a potion of ambrosia {unknown}
Books
 a - a book of Callings

   Spells                             Type                      Level
   a - Summon Small Mammal            Summoning                    1
   b - Call Imp                       Summoning                    2
   c - Call Canine Familiar           Summoning                    3
   d - Summon Guardian Golem          Hexes/Summoning              3
   e - Summon Lightning Spire         Summoning/Air                4
   f - Summon Ice Beast               Ice/Summoning                4
Comestibles
 b - a bread ration
 g - 3 meat rations
 l - a slice of pizza


   Skills:
 + Level 0.6 Fighting
 + Level 2.2 Dodging
 + Level 3.2 Stealth
 + Level 0.6 Unarmed Combat
 + Level 2.5 Spellcasting
 + Level 4.5 Summonings


You had 6 spell levels left.
You knew the following spells:

 Your Spells              Type           Power        Failure   Level  Hunger
a - Summon Small Mammal   Summ           ###.         2%          1    #......


Dungeon Overview and Level Annotations

Branches:
Dungeon (3/15)

Altars:
Nemelex Xobeh
Zin

Annotations:
D:2 Grinder


Innate Abilities, Weirdness & Mutations

You cannot wear most types of armour.
You are very stealthy in the water. (Stealth+)
You are amphibious.
You can wear up to eight rings at the same time.
You can use your tentacles to constrict eight enemies at once.
Your skin changes colour to match your surroundings (Stealth+).
Your rubbery body absorbs attacks. (AC +1, EV +1)


Message History

A giant cockroach comes into view.
Grinder gestures at you.
You suddenly lose the ability to move!
Your quokka bites Grinder.
Grinder hits you.
Your quokka closely misses Grinder.
You can move again.
You climb upwards.
Your summoned ally is left behind.
There is a stone staircase leading down here.
Casting: Summon Small Mammal
Confirm with . or Enter, or press ? or * to list all spells.
Grinder says, "You look like you could use a good racking."
Grinder hits you. Grinder closely misses you.
Your quokka bites Grinder.
Casting: Summon Small Mammal
Confirm with . or Enter, or press ? or * to list all spells.
Grinder gestures at you. Pain shoots through your body!
Your quokka bites Grinder.
Grinder hits you!
* * * LOW HITPOINT WARNING * * *
You writhe in agony.
You die...

#............#
#............#
#####....†...#
#........#
####.#.###
#...# ##.r#
#5r# ##@# ###


You could see Grinder and 2 friendly quokkas.

Vanquished Creatures
  A worm (D:1)
  A dart slug (D:2)
  2 leopard geckos (D:2)
  2 giant cockroaches (D:1)
  3 goblins (D:1)
  4 hobgoblins
  A jackal (D:2)
  A kobold (D:1)
  A frilled lizard (D:1)
  4 rats
20 creatures vanquished.

Vanquished Creatures (collateral kills)
  An adder (D:2)
  An ooze (D:2)
  3 worms
  A goblin (D:2)
  4 hobgoblins
  3 jackals (D:2)
  2 bats
  2 frilled lizards (D:2)
  A kobold (D:1)
  2 rats (D:2)
20 creatures vanquished.

Grand Total: 40 creatures vanquished

Notes
Turn   | Place    | Note
-------+----------+-------------------------------------------
     0 | D:1      | terra53 the Octopode Summoner began the quest for the Orb.
     0 | D:1      | Reached XP level 1. HP: 11/11 MP: 3/3
   318 | D:1      | Reached XP level 2. HP: 17/17 MP: 0/5
  1160 | D:2      | Found a glowing silver altar of Zin.
  1192 | D:2      | Reached XP level 3. HP: 9/21 MP: 6/6
  1374 | D:2      | Found a sparkling altar of Nemelex Xobeh.
  2264 | D:3      | Noticed Grinder
  2267 | D:3      | Paralysed by Grinder for 2 turns
  2273 | D:2      | HP: 1/22 [Grinder (10)]
  2273 | D:2      | Slain by Grinder

Vault maps used:
D:1:      nagdon_arrival_double_spiral
D:2:      lemuel_crystal_altar, lemuel_crystal_altar, hangedman_decor_lopped
D:3:      serial_curves, eino_curves_03, eino_curves_01, uniq_grinder,
          uniq_sigmund

Skill      XL: |  1  2  3 |
---------------+----------+-----
Stealth        | 3 |  3.2
Fighting       | |  0.6
Dodging        | |  2.2
Unarmed Combat | |  0.6
Spellcasting   | |  2.5
Summonings     | |  4.5

Action                   || total
-------------------------++-------
Melee: Unarmed           ||    75
       Constrict         ||    21
       Tentacles         ||    16
 Cast: Summon Small Mamm ||    55
  Use: Potion            ||     1
 Stab: Sleeping          ||     3
       Distracted        ||     1
  Eat: Chunk             ||     5
Armor: Skin              ||    17
Dodge: Dodged            ||    71
